[Event "*** Titled Tuesday Blitz"]
[Site "Chess.com"]
[Date "2020.10.27"]
[Round "11"]
[White "Gabrielian_Artur"]
[Black "Legendinunknown"]
[Result "1-0"]
[WhiteElo "2794"]
[BlackElo "2672"]
[TimeControl "180+1"]
[EndTime "12:04:44 PDT"]
[Termination "Gabrielian_Artur won by resignation"]

1. d4 Nf6 2. c4 g6 3. Nc3 Bg7 4. e4 d6 5. Nf3 O-O 6. Be2 e5 7. O-O Nc6 8. d5 Ne7 9. Ne1 Nd7 10. Be3 f5 11. f3 f4 12. Bf2 g5 13. Rc1 b6 14. b4 a5 15. a3 h5 16. Nd3 Nf6 17. c5 Ng6 18. cxd6 cxd6 19. Nb5 Rf7 20. Rc6 Ne8 21. Bxb6 Qf6 22. bxa5 g4 23. fxg4 Qg5 24. Nf2 Bf8 25. Nh3 Qh4 26. gxh5 Ne7 27. Rc3 Bd7 28. a4 Kh8 29. Qe1 Qf6 30. Kh1 Bh6 31. Qf2 Ng7 32. Rc7 Bxh3 33. gxh3 Nxd5 34. exd5 e4 35. Bd4 Qf5 36.
Nxd6 1-0

[Event "*** Titled Tuesday Blitz"]
[Site "Chess.com"]
[Date "2020.10.27"]
[Round "11"]
[White "szefru"]
[Black "CM_rui"]
[Result "1-0"]
[WhiteElo "2274"]
[BlackElo "2350"]
[TimeControl "180+1"]
[EndTime "12:04:44 PDT"]
[Termination "szefru won by checkmate"]

1. e4 e5 2. Nf3 Nc6 3. Bb5 a6 4.
Ba4 Nf6 5. Qe2 b5 6. Bb3 Be7 7. O-O O-O 8. c3 d6 9. h3 Na5 10. Bc2 c5 11. Rd1 h6 12. d4 Qc7 13. a4 Bd7 14.
dxe5 dxe5 15. Nbd2 c4 16. Nf1 Bc5 17. Be3 Bxe3 18.
Nxe3 Nc6 19. Nd5 Qd8 20. axb5 axb5 21. Rxa8 Qxa8 22. Nxf6+ gxf6 23. Rxd7 Qa1+ 24. Bd1 Na5 25. Nh4 Nb3 26. Nf5 Kh8 27. Qh5 Qc1 28. Nxh6 Kg7 29. Nf5+ Kg8 30. Nh6+ Kg7 31. Nf5+ Kg8 32. Qg4+ Qg5 33.
Qxg5+ fxg5 34. Bxb3 cxb3 35. Rd5 Ra8 36. Rxb5 Ra1+ 37. Kh2 Rb1 38. Rxb3 Kh7 39. c4 Kg6 40. c5 Rc1 41. Rc3 Rb1 42. b3 Kf6 43. c6 Ra1 44. c7 Ra8 45. c8=Q Rxc8 46. Rxc8 Kg6 47. b4 f6 48. b5 Kh5 49. b6 g4 50. b7 Kg5 51.
b8=Q Kf4 52. Qb4 gxh3 53. g3+ Kf3 54. Rc3+ Kg4 55. f3+ Kh5 56. Qf8 Kg6 57. Qg7+ Kh5 58. Qh6# 1-0

[Event "*** Titled Tuesday Blitz"]
[Site "Chess.com"]
[Date "2020.10.27"]
[Round "11"]
[White "RaunakSadhwani2005"]
[Black "ChessWarrior7197"]
[Result "0-1"]
[WhiteElo "2966"]
[BlackElo "2994"]
[TimeControl "180+1"]
[EndTime "12:04:47 PDT"]
[Termination "ChessWarrior7197 won by checkmate"]

1. e4 c5 2. Nf3 d6 3. d4 cxd4 4. Nxd4 Nf6 5. Nc3 a6 6. Be3 e5 7.
Nf3 Be7 8. h3 b5 9. a4 b4 10. Nd5 Nbd7 11. Nxb4 Bb7 12. Bc4 O-O 13. O-O Bxe4 14. Nxa6 d5 15. Bb5 d4 16. Bg5 Bd6 17. c3 Qc8 18. Nb4 Bxb4 19. cxb4 Qb7 20. Bxf6 Nxf6 21.
Re1 Bxf3 22. Qxf3 e4 23. Qf5 d3 24. g4 h6 25. h4 Rad8 26. g5 hxg5 27. hxg5 Rd5 28.
Qf4 Nh7 29. Qxe4 Nxg5 30. Qg2 Nf3+ 31. Qxf3 Rg5+ 32. Qg3 Rxg3+ 33. fxg3 Qf3 34. Rad1 Qxg3+ 35. Kf1 Rd8 36. Rd2 Qf3+ 37. Rf2 Qh1# 0-1

[Event "*** Titled Tuesday Blitz"]
[Site "Chess.com"]
[Date "2020.10.27"]
[Round "11"]
[White "Ze-Pequeno"]
[Black "zverr1"]
[Result "1-0"]
[WhiteElo "2333"]
[BlackElo "2431"]
[TimeControl "180+1"]
[EndTime "12:04:47 PDT"]
[Termination "Ze-Pequeno won by checkmate"]

1. e4 e6 2. d4 d5 3. Nc3 Nf6 4. Bg5 Bb4 5. e5 h6 6. Bd2 Bxc3 7.
bxc3 Ne4 8. Qg4 Kf8 9. Bd3 Nxd2 10. Kxd2 c5 11. dxc5 Nd7 12. Nf3 Qa5 13. Rhe1 Nxc5 14. Re3 Bd7 15. Nd4 Rc8 16. Rc1 Qxa2 17. Rg3 Rg8 18.
Bh7 Ne4+ 19. Bxe4 dxe4 20. Qxe4 Qd5 21. Qf4 Rc5 22. Rf3 Be8 23. Re3 Ke7 24. Rce1 a5 25.
Rd3 Qxg2 26. Nf3 Qg6 27. Qd4 Rd5 28. Qb6 Rxd3+ 29. cxd3 Qf5 30. Qd6# 1-0

[Event "*** Titled Tuesday Blitz"]
[Site "Chess.com"]
[Date "2020.10.27"]
[Round "11"]
[White "AldokhinIvan"]
[Black "MasterKroket"]
[Result "1-0"]
[WhiteElo "2565"]
[BlackElo "2418"]
[TimeControl "180+1"]
[EndTime "12:04:51 PDT"]
[Termination "AldokhinIvan won by checkmate"]

1. d4 Nf6 2. c4 e6 3. Nc3 Bb4 4.
f3 d5 5. a3 Bxc3+ 6. bxc3 O-O 7. cxd5 exd5 8. e3 c5 9. Bd3 Nc6 10. Ne2 Re8 11. O-O h5 12. Qe1 Na5 13. Rb1 Nc4 14.
Bxc4 dxc4 15. e4 cxd4 16. cxd4 a6 17. Bg5 Qc7 18. Bxf6 gxf6 19. Qh4 c3 20. Rbc1 Qc4 21. Qf2 c2 22. Nf4 Bd7 23. Rxc2 Qb3 24. Rc7 Bb5 25.
Nxh5 Kf8 26. Qg3 Re7 27. Qg7+ Ke8 28. Qg8# 1-0

[Event "*** Titled Tuesday Blitz"]
[Site "Chess.com"]
[Date "2020.10.27"]
[Round "11"]
[White "DenisQ"]
[Black "bazar-wokzal"]
[Result "1-0"]
[WhiteElo "2645"]
[BlackElo "2505"]
[TimeControl "180+1"]
[EndTime "12:04:52 PDT"]
[Termination "DenisQ won by checkmate"]

1. Nf3 d6 2. g3 e5 3. Bg2 f5 4. O-O Nc6 5. c4 Nf6 6. Nc3 h6 7. Rb1 g5 8. b4 Bg7 9. b5 Ne7 10. c5 O-O 11. Qb3+ Kh8 12. Ba3 e4 13. cxd6 cxd6 14. Nd4 d5 15. d3 Ng4 16. e3 f4 17.
dxe4 fxe3 18. fxe3 Rxf1+ 19. Rxf1 Nxe3 20. Bxe7 Qxe7 21. Nxd5 Nxd5 22. Qxd5 Bg4 23. Nf5 Bxf5 24. exf5 Rb8 25. Qe6 Qc5+ 26. Kh1 Qxb5 27. f6 Bf8 28. Qf7 Qe8 29.
Qc7 Rc8 30. Qxb7 Rc2 31. Be4 Re2 32. Qh7# 1-0

[Event "*** Titled Tuesday Blitz"]
[Site "Chess.com"]
[Date "2020.10.27"]
[Round "11"]
[White "GMBenjaminBok"]
[Black "AndrewMaco"]
[Result "1-0"]
[WhiteElo "2926"]
[BlackElo "2670"]
[TimeControl "180+1"]
[EndTime "12:05:00 PDT"]
[Termination "GMBenjaminBok won by resignation"]

1. d4 Nf6 2. c4 e6 3. Nf3 d5 4. Nc3 Bb4 5. cxd5 exd5 6. Bf4 c6 7. e3 Bf5 8. Qb3 Qb6 9. Nh4 Be6 10. Bd3 Ne4 11. O-O g5 12. Na4 Qa5 13. a3 Be7 14. Qxb7 gxf4 15. Qxa8 O-O 16. Bxe4 Qxa4 17. Nf5 Bf6 18. Bb1 Qb5 19. Qxa7 Nd7 20. b4 Bd8 21. Bc2 Bb6 22. Qa4 Qxa4 23. Ne7+ Kh8 24. Bxa4 fxe3 25. fxe3 Nf6 1-0

[Event "*** Titled Tuesday Blitz"]
[Site "Chess.com"]
[Date "2020.10.27"]
[Round "11"]
[White "AnishOnYoutube"]
[Black "A-Fier"]
[Result "1/2-1/2"]
[WhiteElo "2955"]
[BlackElo "2774"]
[TimeControl "180+1"]
[EndTime "12:05:02 PDT"]
[Termination "Game drawn by agreement"]

1. d4 Nf6 2. c4 c5 3. d5 e6 4. Nc3 exd5 5. cxd5 d6 6. Nf3 g6 7. h3 Bg7 8. e4 O-O 9. Bd3 b5 10. Nxb5 Re8 11. O-O Nxe4 12. Bxe4 Rxe4 13. Nc3 Re8 14. Re1 Rxe1+ 15. Qxe1 Nd7 16. Bf4 Nf6 17. Qd2 Bb7 18. Re1 Qd7 19. Ng5 Re8 20. Nge4 Nxe4 21.
Nxe4 f5 22. Nxd6 Rxe1+ 23. Qxe1 Bxd5 24. Qa5 Bd4 25. Nb5 Bxb2 26. Nxa7 Bf6 27. Qxc5 Bxa2 28.
Nc6 Bd5 29. Nb4 Be4 30. Qc4+ Kg7 31. Qc7 Qxc7 32. Bxc7 Bc3 33. Na2 Bd2 34. Be5+ Kf7 35. Nc3 Ke6 36. Nxe4 fxe4 37. Bh8 Kf5 38. Kf1 h5 39.
Ke2 Bf4 40. Bd4 g5 41. f3 exf3+ 42. Kxf3 g4+ 43. hxg4+ hxg4+ 44. Ke2 Ke4 45. Bf2 1/2-1/2

[Event "*** Titled Tuesday Blitz"]
[Site "Chess.com"]
[Date "2020.10.27"]
[Round "11"]
[White "babyking1205"]
[Black "boasovietica"]
[Result "1-0"]
[WhiteElo "2661"]
[BlackElo "2508"]
[TimeControl "180+1"]
[EndTime "12:05:03 PDT"]
[Termination "babyking1205 won on time"]

1. e4 e5 2. Nf3 Nc6 3. d4 exd4 4. Nxd4 Bb4+ 5. c3 Bc5 6. Nb3 Bb6 7. Bd3 Nf6 8. O-O O-O 9. Bc2 Re8 10. N1d2 d5 11.
exd5 Qxd5 12. Ne4 Qe5 13. Nxf6+ Qxf6 14. a4 a6 15. a5 Ba7 16. Qd3 g6 17. Be3 Bf5 18.
Qd2 Rad8 19. Qc1 Bxc2 20. Qxc2 Bxe3 21. fxe3 Qe6 22. Rae1 Ne5 23. Nd4 Qd6 24. Rd1 Ng4 25.
Nf3 Qc5 26. Rxd8 Qxe3+ 27. Kh1 Rxd8 28. h3 Nf6 29. Qb3 Ne4 30. Kh2 Qf4+ 31. Kg1 Ng3 32. Re1 Kg7 33. Qxb7 Qd6 34. Qa7 Rd7 35. Qf2 Nf5 36.
b4 Re7 37. g4 Rxe1+ 38. Qxe1 Ne7 39. Qe5+ Qxe5 40. Nxe5 Nd5 41. Nc6 Nxc3 42. Nb8 Nd5 43. Nxa6 Kf6 44. b5 Ke5 45. Nc5 Kd4 46. Nd7 Kc4 47.
a6 1-0

[Event "*** Titled Tuesday Blitz"]
[Site "Chess.com"]
[Date "2020.10.27"]
[Round "11"]
[White "Kavyev_Ruslan"]
[Black "MartinMatthiesen"]
[Result "1-0"]
[WhiteElo "2565"]
[BlackElo "2413"]
[TimeControl "180+1"]
[EndTime "12:05:12 PDT"]
[Termination "Kavyev_Ruslan won by resignation"]

1. d4 d5 2. c4 c6 3. Nf3 Nf6 4. g3 Bf5 5. Nc3 e6 6. Nh4 Be4 7. f3 Bg6 8. Qb3 Qc7 9. Bf4 Qb6 10. Nxg6 hxg6 11. c5 Qxb3 12. axb3 Nbd7 13. b4 Nh5 14. b5 Nxf4 15. gxf4 Be7 16. e3 Nb8 17. b4 Kd7 18. bxc6+ Nxc6 19. b5 Nb4 20. Ra4 a5 21. Kd2 b6 22. cxb6 Rhb8 23. Be2 Rxb6 24. Rha1 Rc8 25.
Rxa5 Rb7 26. Ra7 Rcc7 27. Rxb7 Rxb7 28. Na4 Rc7 29. Bd1 Kc8 30. Rb1 Kb8 31. Nc5 Rxc5 32.
dxc5 Bxc5 33. Kc3 Na2+ 34. Kb3 Nb4 35. Be2 Kb7 36. Ka4 Bd6 37. Rxb4 1-0

[Event "*** Titled Tuesday Blitz"]
[Site "Chess.com"]
[Date "2020.10.27"]
[Round "11"]
[White "dosto07"]
[Black "GrafLermontov"]
[Result "0-1"]
[WhiteElo "2343"]
[BlackElo "2475"]
[TimeControl "180+1"]
[EndTime "12:05:12 PDT"]
[Termination "GrafLermontov won by resignation"]

1. e4 c6 2. d4 d5 3. Nc3 dxe4 4. Nxe4 Nf6 5. Nxf6+ gxf6 6. Nf3 Bg4 7. c3 e6 8.
Be2 Bd6 9. O-O Nd7 10. Re1 Qc7 11. h3 Bh5 12. c4 O-O-O 13. Qa4 Kb8 14. Be3 Rhg8 15.
b4 Bf4 16. Qa3 Rg7 17. Kh1 Rdg8 18. Rg1 f5 19. Rad1 Nf6 20. Ne5 Bxe3 21. Qxe3 Bxe2 22. Qxe2 Ne4 23. Qe3 f6 24. Nd3 Rg3 25. Qh6 Rxd3 26. Qh4 Rxd1 27. Rxd1 a6 28. d5 cxd5 29. cxd5 exd5 30.
Rxd5 Qc1+ 31. Kh2 Qg5 32. Qxg5 Rxg5 33. f3 Nc3 34. Rd7 Nxa2 35. Rxh7 Nxb4 36. h4 Rg8 37. Rf7 Nd5 38. Rd7 Ne3 39. g3 Nf1+ 40. Kg2 Nxg3 41. Kh3 f4 42. Rd6 Nh5 43. Rd5 Rg3+ 44. Kh2 Ng7 45.
h5 Nxh5 46. Rxh5 Rxf3 0-1

[Event "*** Titled Tuesday Blitz"]
[Site "Chess.com"]
[Date "2020.10.27"]
[Round "11"]
[White "Gloomy_Wanderer"]
[Black "Mikhail_Golubev"]
[Result "1-0"]
[WhiteElo "2699"]
[BlackElo "2523"]
[TimeControl "180+1"]
[EndTime "12:05:13 PDT"]
[Termination "Gloomy_Wanderer won on time"]

1. d4 Nf6 2. Nf3 d6 3. c4 g6 4. g3 Bg7 5. Bg2 O-O 6. O-O Nbd7 7. Nc3 e5 8. e4 exd4 9. Nxd4 Re8 10. h3 Nc5 11.
Re1 Bd7 12. Bg5 h6 13. Bf4 Ne6 14. Be3 Nxd4 15. Bxd4 Be6 16. Qd3 c5 17. Be3 Nd7 18. b3 Ne5 19. Qc2 Nc6 20. Rad1 Nd4 21. Qc1 Kh7 22.
Bf4 Qd7 23. Kh2 a6 24. Ne2 b5 25. Nxd4 cxd4 26. e5 dxe5 27. Bxe5 Bxe5 28. Bxa8 Bxh3 29. Bd5 Bg4 30. Rd2 bxc4 31. bxc4 Qf5 32. Qb1 Qh5+ 33.
Kg1 Bf5 34. Qb7 1-0

[Event "*** Titled Tuesday Blitz"]
[Site "Chess.com"]
[Date "2020.10.27"]
[Round "11"]
[White "Inga83"]
[Black "kai_nov"]
[Result "1-0"]
[WhiteElo "2407"]
[BlackElo "2299"]
[TimeControl "180+1"]
[EndTime "12:05:13 PDT"]
[Termination "Inga83 won on time"]

1. d4 d5 2. c4 e6 3. Nc3 c6 4.
e4 dxe4 5. Nxe4 Bb4+ 6. Nc3 c5 7. d5 Nf6 8. Bg5 exd5 9. cxd5 O-O 10. Bc4 Nbd7 11.
Ne2 Ne5 12. Bb3 c4 13. Bc2 h6 14. Bxf6 Qxf6 15. O-O Bf5 16. Ne4 Qg6 17. N2g3 Bxe4 18. Bxe4 Qf6 19. f4 Nd3 20. Bxd3 Qd4+ 21. Kh1 cxd3 22. a3 Bd6 23. Rf3 Bxf4 24. Rxd3 Qxb2 25. Nh5 Bd6 26. Rb1 Qe5 27. Rg3 g6 28. Qf3 Rac8 29.
Nf6+ Kg7 30. Nd7 Qb2 31. Rf1 Bxg3 32. hxg3 Rc1 33. Nxf8 Rxf1+ 34. Qxf1 Kxf8 35. Qd3 Qxa3 36. Qxa3+ Kg7 37. Qc3+ 1-0

[Event "*** Titled Tuesday Blitz"]
[Site "Chess.com"]
[Date "2020.10.27"]
[Round "11"]
[White "TioCridineno"]
[Black "Ariadna_Atreides"]
[Result "1-0"]
[WhiteElo "2233"]
[BlackElo "2127"]
[TimeControl "180+1"]
[EndTime "12:05:14 PDT"]
[Termination "TioCridineno won on time"]

1. e4 c5 2. Nf3 d6 3. d4 cxd4 4. Nxd4 Nf6 5. Nc3 Nc6 6. Bg5 e6 7. Qd2 a6 8. O-O-O Bd7 9. Nb3 Be7 10. f4 b5 11. Bxf6 gxf6 12. g4 b4 13. Ne2 e5 14.
f5 a5 15. Na1 a4 16. Kb1 Qb6 17. Nc1 Nd4 18. Bc4 Rc8 19. b3 axb3 20. cxb3 Bc6 21. Rhe1 Qb7 22. Qd3 Bb5 23. Bxb5+ Nxb5 24. Rd2 Nc3+ 25. Kb2 Bf8 26. Nc2 Bh6 27. Rg2 Bxc1+ 28. Rxc1 Ra8 29. Nxb4 Qxb4 30. Qxc3 Qa3+ 31. Kb1 O-O 32. Qb2 Qa6 33. Rd2 Qb7 34. Re1 Ra6 35. h4 Rfa8 36. Qc3 Qa7 37. Ree2 Rb6 38. g5 fxg5 39.
hxg5 Qb7 40. g6 Rc8 41. Qb2 hxg6 42. fxg6 fxg6 43. Rd1 Rb4 44. Rg1 Kg7 45. Qd2 1-0

[Event "*** Titled Tuesday Blitz"]
[Site "Chess.com"]
[Date "2020.10.27"]
[Round "11"]
[White "maxip32"]
[Black "Corre_por_tu_vida"]
[Result "0-1"]
[WhiteElo "2413"]
[BlackElo "2563"]
[TimeControl "180+1"]
[EndTime "12:05:20 PDT"]
[Termination "Corre_por_tu_vida won by resignation"]

1. e4 c5 2. Nf3 Nc6 3. d4 cxd4 4. Nxd4 Nf6 5. Nc3 e5 6. Ndb5 d6 7. Nd5 Nxd5 8. exd5 Ne7 9. c4 Nf5 10. Be2 Be7 11.
O-O O-O 12. a4 a6 13. Nc3 a5 14. Be3 Nxe3 15. fxe3 Qb6 16. Qd2 Bg5 17. Rf3 f5 18. Kh1 e4 19. Rg3 Bf6 20. Nb5 Be5 21. Rh3 f4 22. Rh4 fxe3 23. Qc2 Rf2 24. Rf1 Bf5 25.
c5 Qxc5 26. Qxc5 dxc5 27. Bc4 e2 28. Re1 Rf8 29. Bxe2 g5 30. Rh5 Bg6 0-1

[Event "*** Titled Tuesday Blitz"]
[Site "Chess.com"]
[Date "2020.10.27"]
[Round "11"]
[White "barbara25"]
[Black "bsnsun"]
[Result "0-1"]
[WhiteElo "2289"]
[BlackElo "2469"]
[TimeControl "180+1"]
[EndTime "12:05:20 PDT"]
[Termination "bsnsun won by checkmate"]

1. e4 c5 2. Nf3 d6 3. d4 cxd4 4. Nxd4 Nf6 5. Nc3 a6 6. f3 e5 7. Nb3 Be7 8. Be3 Nc6 9. Qd2 b5 10. O-O-O Qc7 11. g4 h6 12. h4 Be6 13. Kb1 Qb7 14. Bd3 g6 15. g5 hxg5 16. hxg5 Nh5 17. f4 exf4 18. Bxf4 Ne5 19. Bxe5 dxe5 20. Nd5 Bxd5 21.
exd5 Qxd5 22. Qe3 Qe6 23. Be4 Rc8 24. Bd5 Qf5 25. Be4 Qxg5 26. Qb6 Qf6 27. Qb7 O-O 28. Rdf1 Nf4 29. Qa7 Rc4 30. Qe3 Qe6 31. Qf3 Rfc8 32. Nd2 R4c5 33. Qg3 Bf8 34. Nf3 f5 35. Ng5 Qf6 36.
Qh4 Bg7 37. Qh7+ Kf8 38. Qh4 Kg8 39. Bd3 e4 40. Bxe4 fxe4 41. Rxf4 Qxb2# 0-1

[Event "*** Titled Tuesday Blitz"]
[Site "Chess.com"]
[Date "2020.10.27"]
[Round "11"]
[White "Funo09"]
[Black "esapunov"]
[Result "1-0"]
[WhiteElo "2814"]
[BlackElo "2690"]
[TimeControl "180+1"]
[EndTime "12:05:23 PDT"]
[Termination "Funo09 won by resignation"]

1. e4 c5 2. Nc3 Nc6 3. Bb5 Nd4 4. Bc4 g6 5. Nf3 Bg7 6. Nxd4 cxd4 7. Qf3 Nh6 8. Ne2 O-O 9. d3 Ng4 10. Qg3 d6 11. Bb3 a5 12. a4 Bd7 13. O-O b5 14. axb5 Nf6 15. Nxd4 Nxe4 16. dxe4 Bxd4 17. Qd3 Qb6 18.
c4 Be6 19. Rb1 a4 20. Ba2 Rfc8 21. Bg5 Rc7 22. Rfc1 Bxf2+ 23. Kh1 Bd4 24. Rc2 Rac8 25. Rd1 Be5 26. Be3 Qa5 27. Bd2 Qa8 28. Be3 Rc5 29. Rf1 R8c7 30. b4 axb3 31. Bxb3 Qc8 32. Bxc5 Rxc5 33. Qe2 Kg7 34. Rb1 Qc7 35. Ra2 Bxc4 36. Bxc4 Rxc4 37. Qf1 Qc5 38. b6 Rb4 39. b7 d5 40.
exd5 Rxb1 41. Qxb1 Qxd5 42. Re2 Bd6 43. Rxe7 Qh5 44.
h3 Qg5 45. Re8 Qg3 46. Qg1 h5 47. Qd4+ Kh6 48. Qxd6 Qxd6 49. b8=Q 1-0

[Event "*** Titled Tuesday Blitz"]
[Site "Chess.com"]
[Date "2020.10.27"]
[Round "11"]
[White "jacky72"]
[Black "guillembaches"]
[Result "1/2-1/2"]
[WhiteElo "2513"]
[BlackElo "2402"]
[TimeControl "180+1"]
[EndTime "12:05:23 PDT"]
[Termination "Game drawn by repetition"]

1. e4 c5 2. Nc3 d6 3. g3 Nc6 4.
Bg2 g6 5. f4 Bg7 6. d3 e6 7. Nh3 Nge7 8. O-O O-O 9. Be3 Nd4 10.
Qd2 Qd7 11. Rae1 b6 12. e5 Bb7 13. exd6 Nef5 14. Bxd4 Bxd4+ 15. Kh1 Bxg2+ 16. Qxg2 Ne3 17.
Rxe3 Bxe3 18. Re1 Bd4 19. Ne4 f5 20. Neg5 Rae8 21. c3 Bf6 22. Nf3 Qxd6 23. Qe2 h6 24. Nf2 Kg7 25. Kg1 Re7 26. Qe3 Rd8 27. Re2 Qd5 28.
a3 b5 29. h3 a5 30. Kh2 b4 31. axb4 axb4 32. cxb4 cxb4 33. g4 Bd4 34. Nxd4 Qxd4 35. Qg3 Kf7 36. gxf5 exf5 37. Rxe7+ Kxe7 38. Kg2 Rd6 39. Qh4+ Kd7 40. Qxh6 Qxb2 41. Qh7+ Kc6 42. Qg8 Qd4 43.
Qc8+ Kb6 44. Qb8+ Ka6 45. Qa8+ Kb5 46. Qe8+ Ka5 47. Qa8+ Ra6 48. Qb7 Ra7 49. Qc6 Rd7 50. Qa8+ Kb5 51. Qb8+ Qb6 52. Qe5+ Qc5 53. Qb8+ Ka4 54.
Qa8+ Kb3 55. Qa1 Qd5+ 56. Kg3 Qd4 57. Qd1+ Kb2 58. Qd2+ Ka3 59. Qc1+ Ka2 60. Qc2+ Ka3 61.
Qc1+ Ka4 62. Qc6+ Ka3 63. Qc1+ 1/2-1/2

[Event "*** Titled Tuesday Blitz"]
[Site "Chess.com"]
[Date "2020.10.27"]
[Round "11"]
[White "Colombiano07"]
[Black "PhileKhoob"]
[Result "1-0"]
[WhiteElo "2332"]
[BlackElo "2454"]
[TimeControl "180+1"]
[EndTime "12:05:24 PDT"]
[Termination "Colombiano07 won by checkmate"]

1. e4 c5 2. Nf3 d6 3. b4 cxb4 4. d4 Nf6 5. Bd3 Nc6 6. O-O g6 7. a3 bxa3 8. Bxa3 Bg7 9. Qe2 O-O 10. Nbd2 Re8 11. d5 Nb8 12. Rab1 Nbd7 13. c4 b6 14. Bc2 Bb7 15. Rfe1 Rc8 16. Ba4 Rf8 17. h3 Nc5 18. Bxc5 Rxc5 19. e5 dxe5 20. Nxe5 Qd6 21.
Nb3 Rcc8 22. Nd4 Qc5 23. Bc6 Ba6 24. Nb3 Qd6 25. Ra1 Qb4 26. Rxa6 Qxb3 27. Rxa7 Qb4 28.
Rb7 Rfd8 29. Nxf7 Kxf7 30. Qe6+ Kf8 31. Rxe7 Rd7 32. Qf7# 1-0

[Event "*** Titled Tuesday Blitz"]
[Site "Chess.com"]
[Date "2020.10.27"]
[Round "11"]
[White "Margarita2907"]
[Black "indfraeng"]
[Result "1/2-1/2"]
[WhiteElo "2206"]
[BlackElo "2338"]
[TimeControl "180+1"]
[EndTime "12:05:26 PDT"]
[Termination "Game drawn by repetition"]

1. e4 e5 2. Nf3 Nc6 3. Bc4 Bc5 4. d3 Nf6 5. O-O h6 6. c3 d6 7.
Nbd2 a5 8. a4 O-O 9. h3 Be6 10.
Re1 Re8 11. Qc2 Bxc4 12. Nxc4 d5 13. exd5 Qxd5 14. Be3 e4 15. Bxc5 exd3 16. Qd2 Qxc4 17. Be3 Ne4 18. Qd1 Rad8 19. Nd2 Nxd2 20. Qxd2 Ne5 21.
Bd4 Nc6 22. Rxe8+ Rxe8 23. Be3 f5 24. Re1 f4 25. Bd4 Rxe1+ 26. Qxe1 Nxd4 27. Qe8+ Kh7 28. Qe4+ Kh8 29. cxd4 c6 30. Qe8+ Qg8 31. Qe4 Qc4 32.
Qe8+ Qg8 33. Qe4 Qc4 1/2-1/2

[Event "*** Titled Tuesday Blitz"]
[Site "Chess.com"]
[Date "2020.10.27"]
[Round "11"]
[White "MattyDPerrine"]
[Black "Leonid_Starozhilov"]
[Result "0-1"]
[WhiteElo "2496"]
[BlackElo "2643"]
[TimeControl "180+1"]
[EndTime "12:05:28 PDT"]
[Termination "Leonid_Starozhilov won by resignation"]

1. e4 c5 2. Nf3 e6 3. d4 cxd4 4. Nxd4 a6 5. g3 Nc6 6. Bg2 Bc5 7. Nb3 Ba7 8. Bf4 e5 9. Bd2 Nf6 10. Bg5 h6 11. Bxf6 Qxf6 12. O-O O-O 13. Nc3 d6 14.
Nd5 Qd8 15. Nd2 Be6 16. Nc4 Rc8 17. Nxd6 Rb8 18. c3 Kh8 19. Nf5 Bxd5 20. Qxd5 Qf6 21.
Rad1 Rbd8 22. Qb3 b5 23. Rd5 Kh7 24. Rfd1 g6 25. Ne3 Bxe3 26. fxe3 Rc8 27. Rd6 Qg5 28. Re1 Na5 29. Qc2 Nc4 30. Qe2 Nxd6 0-1

[Event "*** Titled Tuesday Blitz"]
[Site "Chess.com"]
[Date "2020.10.27"]
[Round "11"]
[White "Resignify"]
[Black "gagtemp"]
[Result "1-0"]
[WhiteElo "2185"]
[BlackElo "1957"]
[TimeControl "180+1"]
[EndTime "12:05:28 PDT"]
[Termination "Resignify won by checkmate"]

1. e4 e6 2. d3 d5 3. Nd2 Nc6 4. g3 g6 5. Bg2 Bg7 6. Ngf3 Nge7 7. O-O O-O 8. c3 f5 9. Re1 f4 10. d4 fxg3 11. fxg3 dxe4 12. Nxe4 Nf5 13. Bg5 Qe8 14. Nc5 Qf7 15. Bf4 h6 16. Qb3 g5 17. Be5 Nxe5 18. Nxe5 Bxe5 19. Rxe5 Ne3 20. Be4 Qf2+ 21. Kh1 Ng4 22.
Qc2 Qe3 23. Bh7+ Kh8 24. Rxe3 Rf2 25. Qxf2 Nxf2+ 26. Kg2 Ng4 27. Re4 Nf6 28. Re5 Nxh7 29. Rf1 Kg7 30. Nxe6+ Bxe6 31. Rxe6 Rd8 32. Re7+ Kg6 33.
Rxc7 Nf6 34. Rxf6+ Kxf6 35. Rxb7 Re8 36. Kf2 a5 37.
Rb6+ Kf5 38. Rb5+ Kg4 39. Rxa5 Kh3 40. Ra6 Kxh2 41. Rxh6# 1-0

[Event "*** Titled Tuesday Blitz"]
[Site "Chess.com"]
[Date "2020.10.27"]
[Round "11"]
[White "FMJoseHerrera"]
[Black "XDPS"]
[Result "0-1"]
[WhiteElo "2563"]
[BlackElo "2736"]
[TimeControl "180+1"]
[EndTime "12:05:29 PDT"]
[Termination "XDPS won by checkmate"]

1. Nf3 Nf6 2. g3 g6 3. Bg2 Bg7 4. d3 O-O 5. Nc3 Nc6 6. h4 d5 7. h5 Nxh5 8. Bg5 d4 9. Nb1 Qd6 10. Qd2 e5 11. Bh6 f5 12. Bxg7 Kxg7 13. Na3 Be6 14. Nb5 Qe7 15. Qg5 Qb4+ 16. c3 Qxb2 17. Rxh5 Qxa1+ 18. Kd2 Qxa2+ 19. Kc1 Qa1+ 20. Kc2 Bg8 21.
Qh6+ Kh8 22. Qxg6 Qa4+ 23. Kc1 Qa1+ 24. Kc2 dxc3 25. Nxc3 Nb4+ 26. Kd2 Qb2+ 27. Ke3 f4+ 28. Ke4 Qxc3 29. Ng5 Bd5# 0-1

[Event "*** Titled Tuesday Blitz"]
[Site "Chess.com"]
[Date "2020.10.27"]
[Round "11"]
[White "Grandmaster2B"]
[Black "ural58"]
[Result "1-0"]
[WhiteElo "2493"]
[BlackElo "2355"]
[TimeControl "180+1"]
[EndTime "12:05:29 PDT"]
[Termination "Grandmaster2B won by resignation"]

1. e4 d5 2. exd5 Qxd5 3. Nc3 Qa5 4. d4 Nf6 5. Nf3 Nc6 6. Bd2 a6 7. Bc4 Qh5 8. O-O Bg4 9. Be2 Rd8 10. h3 Bxf3 11. Bxf3 Qf5 12. Be3 e6 13. Bxc6+ bxc6 14. Qe2 Bb4 15. Qxa6 O-O 16. Qxc6 Qxc2 17. a3 Bxc3 18. Qxc3 Qxc3 19. bxc3 Ra8 20. Rfb1 Ra4 21. Rb7 Nd5 22. Bd2 Rfa8 23. Rab1 Kf8 24. Kf1 Ke7 25.
Ke2 Kd7 26. R1b3 h6 27. Bc1 R8a6 28. Kd3 Rc6 29. g3 Nb6 30. Rb4 Ra8 31. Bf4 Nd5 32.
Rb3 g5 33. Bd2 Nb6 34. c4 Kc8 35. R7xb6 Rxb6 36. Bb4 Kd7 37. c5 Rba6 38. Kc4 Kc6 39. Rf3 Rf8 40. Rf6 h5 41. d5+ Kd7 42. c6+ Ke8 43. Bxf8 Kxf8 44. dxe6 Rxc6+ 45. Kd5 Rd6+ 46. Ke5 Ra6 47. e7+ 1-0

[Event "*** Titled Tuesday Blitz"]
[Site "Chess.com"]
[Date "2020.10.27"]
[Round "11"]
[White "JozefKneht"]
[Black "Yashasd1995"]
[Result "0-1"]
[WhiteElo "2423"]
[BlackElo "2554"]
[TimeControl "180+1"]
[EndTime "12:05:30 PDT"]
[Termination "Yashasd1995 won by resignation"]

1. Nf3 Nf6 2. c4 e6 3. g3 d5 4.
b3 Be7 5. Bg2 O-O 6. O-O Nbd7 7.
Bb2 c6 8. d3 a5 9. a3 b6 10. Nbd2 Bb7 11. Qc2 Rc8 12. e4 c5 13.
cxd5 exd5 14. Rfe1 d4 15. a4 Re8 16. Nc4 Bf8 17. Nfd2 Nb8 18. f4 g6 19. h3 Nh5 20. Kh2 Bh6 21. Rf1 Qc7 22. Rae1 Nc6 23.
Ba3 Ne7 24. Qd1 f5 25. Ne5 Nxf4 26. gxf4 Bxf4+ 27. Rxf4 Qxe5 28. Rf1 g5 29. Nc4 Qc7 30. Bc1 Ng6 31. Qh5 gxf4 32. e5 Bxg2 33. Kxg2 Rxe5 34.
Nxe5 Qxe5 35. Qg5 Re8 36. Bxf4 Qe2+ 37. Rf2 Qxd3 38. h4 Re2 39. h5 Qe4+ 40. Kg3 Rxf2 41. hxg6 Qf3+ 0-1

[Event "*** Titled Tuesday Blitz"]
[Site "Chess.com"]
[Date "2020.10.27"]
[Round "11"]
[White "Qvalda"]
[Black "annamaja"]
[Result "1-0"]
[WhiteElo "2395"]
[BlackElo "2293"]
[TimeControl "180+1"]
[EndTime "12:05:33 PDT"]
[Termination "Qvalda won on time"]

1. e4 e6 2. Nf3 d5 3. e5 c5 4. b4 cxb4 5. d4 Nc6 6. a3 bxa3 7. c3 Nge7 8. Bxa3 Nf5 9. Bxf8 Kxf8 10. Bd3 g6 11. h4 h5 12. g3 a5 13. Na3 Nce7 14. O-O Bd7 15. Ng5 Qc7 16. Qd2 Rc8 17. Rfc1 Nh6 18.
c4 dxc4 19. Nxc4 Qd8 20. Nd6 Rxc1+ 21. Rxc1 Bc6 22. Qf4 Nef5 23. Bxf5 gxf5 24. d5 Bd7 25. dxe6 fxe6 26. Nxb7 Qb6 27. Nd6 Ke7 28. Nf3 Nf7 29.
Nxf7 Kxf7 30. Qg5 Qd8 31. Qd2 Bb5 32. Qb2 Qd5 33. Rc7+ Kg6 34. Qc1 1-0